 Dungeon Crawl Stone Soup version 0.21.1-1-g345015fe64 (webtiles) character file.

653 Gargoyl the Skirmisher (level 7, -7/59 HPs)
             Began as a Centaur Abyssal Knight on July 13, 2018.
             Was a Believer of Lugonu.
             Killed by divine providence
             ... invoked by an orc priest
              (13 damage)
             ... on level 5 of the Dungeon.
             The game lasted 00:10:00 (4096 turns).

Gargoyl the Skirmisher (Centaur Abyssal Knight)     Turns: 4096, Time: 00:10:01

Health: -7/59      AC: 13    Str: 15    XL:     7   Next: 29%
Magic:  9/9        EV:  0    Int: 11    God:    Lugonu [**....]
Gold:   210        SH:  7    Dex: 10    Spells: 6/6 levels left

rFire    . . .     SeeInvis .   n - +1 hand axe of Accidental Termination {elec, rElec}
rCold    . . .     Gourm    .   k - +0 shield
rNeg     . . .     Faith    .   b - +1 plate armour
rPois    .         Spirit   .   (no helmet)
rElec    +         Reflect  .   u - +2 cloak
rCorr    .         Harm     .   (no gloves)
MR       .....                  (no barding)
Stlth    ..........             o - amulet of magic regeneration
HPRegen  0.19/turn              (no ring)
MPRegen  0.36/turn              (no ring)

@: lethally poisoned (-7 -> -8), very quick
A: large, hooves 3, deformed body, speed 2, tough skin 3
a: Depart the Abyss, Bend Space, Renounce Religion


You were on level 5 of the Dungeon.
You worshipped Lugonu.
Lugonu was pleased with you.
You were not hungry.

You visited 1 branch of the dungeon, and saw 5 of its levels.
You visited the Abyss 1 time.

You collected 210 gold pieces.

Inventory:

Hand Weapons
 a - a +2 hand axe
 n - the +1 hand axe of Accidental Termination (weapon) {elec, rElec}
   (You found it on level 4 of the Dungeon)

   Occasionally, upon striking a foe, it will discharge some electrical energy
   and cause terrible harm.
   It insulates you from electricity.
Armour
 b - a +1 plate armour (worn)
 k - a +0 shield (worn)
 u - a +2 cloak (worn)
Jewellery
 o - an amulet of magic regeneration (around neck)
Wands
 j - a wand of clouds (3)
 q - a wand of polymorph (14)
 t - a wand of random effects (21)
Scrolls
 l - 2 scrolls of remove curse
 m - 4 scrolls of identify
 p - a scroll of noise {unknown}
 r - a scroll of teleportation
 s - a scroll of immolation {unknown}
Potions
 d - a potion of heal wounds {unknown}
 e - a potion of brilliance {unknown}
 f - 4 potions of flight
 g - a potion of magic {unknown}
 h - a potion of haste {unknown}
 i - 2 potions of degeneration {unknown}
Comestibles
 c - 8 rations
 v - a chunk of flesh


   Skills:
 + Level 4.2 Fighting
 + Level 4.0 Axes
 * Level 3.7 Armour
 + Level 1.1 Dodging
 + Level 1.0 Shields
 * Level 3.8 Invocations


You had 6 spell levels left.
You didn't know any spells.

Dungeon Overview and Level Annotations

Branches:
Dungeon (5/15)
 Temple: D:4-7

Altars:


Innate Abilities, Weirdness & Mutations

You have hooves in place of feet.
Armour fits poorly on your strangely shaped body.
You cover ground very quickly.
You have extremely tough skin. (AC +3)


Message History

You closely miss the orc.
You feel sick. The bullfrog hits you. The orc hits you but does no damage.
A crimson imp comes into view.
Unknown command.
The crimson imp shouts!
You hit the orc but do no damage. You kick the orc.
The orc is moderately wounded.
You hit the bullfrog but do no damage. Lightning courses through the bullfrog!
You kill the bullfrog!
Lugonu accepts your kill.
Your Axes skill increases to level 4!
Your Shields skill increases to level 1!
The orc priest mumbles some strange prayers to Beogh against you.
Beogh smites you!
* * * LOW HITPOINT WARNING * * *
The orc hits you with a falchion.
* * * LOW HITPOINT WARNING * * *
The orc priest invokes the aid of Beogh against you.
Beogh smites you!
You die...

#.........# #......5o.#
#$........# #......../#
#.........# #.....o...#
#.....o...# #....?@.†.#
##############+#.#####
#...... #.......# #... .#
# ##..###.# # #..# .#.#
#.>#...# #
#..##...##########'### #
#....####.......#....#
####.##.#.##.##.........#
.....##...##.##.........#


You could see an orc priest, a crimson imp and 2 orcs.

Vanquished Creatures
  Eustachio (D:4)
  Edmund (D:4)
  A bullfrog (D:5)
  Crazy Yiuf (D:4)
  2 hounds
  4 worker ants (D:4)
  A hound zombie (D:5)
  5 adders
  A shadow imp (D:5)
  2 oozes
  A dart slug (D:1)
  3 leopard geckos
  3 orcs
  4 giant cockroaches
  5 hobgoblins
  3 jackals (D:2)
  10 kobolds
  2 quokkas (D:2)
  A ball python (D:2)
  5 bats
  A frilled lizard (D:1)
  5 goblins
  3 rats
65 creatures vanquished.

Notes
Turn   | Place    | Note
-------+----------+-------------------------------------------
     0 | Abyss:1  | Gargoyl the Centaur Abyssal Knight began the quest for the Orb.
     0 | Abyss:1  | Reached XP level 1. HP: 19/19 MP: 2/2
    65 | Abyss:2  | Noticed a green death
   160 | Abyss:3  | Noticed a blink frog
   178 | Abyss:3  | Noticed a blink frog
   191 | D:1      | Escaped the Abyss
   552 | D:1      | Reached XP level 2. HP: 21/26 MP: 3/3
  1022 | D:2      | Reached * piety under Lugonu
  1122 | D:2      | Reached XP level 3. HP: 24/31 MP: 4/4
  1905 | D:3      | Reached XP level 4. HP: 36/40 MP: 5/5
  1989 | D:3      | Reached skill level 1 in Dodging
  2341 | D:4      | Reached ** piety under Lugonu
  2418 | D:4      | Noticed Eustachio
  2428 | D:4      | Got an encrusted hand axe
  2429 | D:4      | Identified the +1 hand axe of Accidental Termination {elec, rElec} (You found it on level 4 of the Dungeon)
  2452 | D:4      | Killed Eustachio
  2452 | D:4      | Reached XP level 5. HP: 46/46 MP: 5/7
  2472 | D:4      | Noticed Edmund
  2492 | D:4      | Killed Edmund
  2492 | D:4      | Reached XP level 6. HP: 17/52 MP: 8/8
  3561 | D:4      | Found a runed door.
  3881 | D:4      | Noticed Crazy Yiuf
  3884 | D:4      | Killed Crazy Yiuf
  3884 | D:4      | Reached XP level 7. HP: 59/59 MP: 9/9
  3961 | D:5      | Entered Level 5 of the Dungeon
  4096 | D:5      | Reached skill level 1 in Shields
  4096 | D:5      | Killed from afar by an orc priest

Skill      XL: |  1  2  3  4  5  6  7 |
---------------+----------------------+-----
Axes           | 2 3 4 |  4.0
Armour         | 2 3 |  3.7
Dodging        | 1 |  1.1
Invocations    | 3 |  3.8
Fighting       | 4 |  4.2
Shields        | 1 |  1.0

Action                   |  1- 3 |  4- 6 |  7- 9 || total
-------------------------+-------+-------+-------++-------
Melee: Hand axe          |    80 |    76 |    35 ||   191
       Kick              |    13 |    16 |     8 ||    37
Invok: Depart the Abyss  |     1 |       |       ||     1
  Use: Scroll            |     8 |       |       ||     8
  Eat: Chunk             |     2 |     3 |     2 ||     7
Armor: Ring mail         |    33 |       |       ||    33
       Plate armour      |    22 |    60 |    20 ||   102
Dodge: Dodged            |    24 |     1 |       ||    25
Block: Shield            |    20 |    21 |    14 ||    55
